 Dungeon Crawl Stone Soup version 0.29.0-4-gdea44cf6ec (webtiles) character file.

Game seed: 16682179038147293464

7427 qw the Brawler (level 10, -6/98 HPs)
             Began as a Troll Cinder Acolyte on Aug 31, 2022.
             Was a Believer of Ignis.
             Mangled by an ice devil (31 damage)
             ... summoned by an obsidian statue
             ... on level 10 of the Dungeon.
             The game lasted 00:05:31 (7621 turns).

qw the Brawler (Troll Cinder Acolyte)               Turns: 7621, Time: 00:05:31

Health: -6/98      AC: 23    Str: 28    XL:     10   Next: 93%
Magic:  10/10      EV:  9    Int: 12    God:    Ignis [**....]
Gold:   137        SH:  0    Dex:  5    Spells: 11/11 levels left

rFire   + . .      SeeInvis .     - Unarmed
rCold   x . .      Faith    .   (no shield)
rNeg    + . .      Spirit   .   p - +0 acid dragon scales
rPois   +          Reflect  .   (helmet restricted)
rElec   +          Harm     .   k - scarf {rC+ rF+}
rCorr   +          Rampage  .   (gloves unavailable)
Will    .....                   (boots unavailable)
Stlth   ..........              a - amulet of Elemental Vulnerability {rPois rF-- rC-- AC+8}
HPRegen 1.06/turn               r - +4 ring of protection
MPRegen 0.12/turn               h - ring "Haus" {rElec rF+ rN+ Int+2}

@: corroded, on berserk cooldown, fiery-armoured, mesmerised, slowed, very slow
A: large, unfitting armour, claws 3, regeneration 1, shaggy fur 1, tough skin 1
a: Renounce Religion, Fiery Armour, Foxfire Swarm, Rising Flame


You were on level 10 of the Dungeon.
You worshipped Ignis.
Ignis was pleased with you.
You visited 1 branch of the dungeon, and saw 10 of its levels.
You also visited: Sewer and Ossuary.

You collected 664 gold pieces.
You spent 527 gold pieces at shops.


Innate Abilities, Weirdness & Mutations

You are too large for most types of armour.
You have claws for hands.
Your natural rate of healing is unusually fast.
You are covered in fur. (AC +1)
You have tough skin. (AC +1)


   Skills:
 - Level 6.0 Fighting
 + Level 1.6 Throwing
 - Level 2.1 Armour
 - Level 1.2 Dodging
 - Level 15.1 Unarmed Combat
 - Level 1.0 Spellcasting
 - Level 2.1 Fire Magic


You had 11 spell levels left.
You didn't know any spells.
Your spell library contained the following spells:

 Spells                   Type           Power      Damage    Failure   Level
 Scorch                   Fire           10%        2d6       22%         2

Inventory:

Missiles
 b - 4 boomerangs (quivered)
Armour
 k - a scarf of resistance (worn)
 p - +0 acid dragon scales (worn)
Jewellery
 a - the amulet of Elemental Vulnerability (around neck) {rPois rF-- rC-- AC+8}
   (You found it on level 4 of the Dungeon)

   [amulet of nothing]

   AC:        It affects your AC (+8).
   rF:        It makes you very vulnerable to fire.
   rC:        It makes you very vulnerable to cold.
   rPois:     It protects you from poison.
 e - a ring of fire
 g - a +6 ring of dexterity
 h - the ring "Haus" (right claw) {rElec rF+ rN+ Int+2}
   (You acquired it on level 2 of the Dungeon)

   [ring of positive energy]

   Int:       It affects your intelligence (+2).
   rF:        It protects you from fire.
   rElec:     It insulates you from electricity.
   rN:        It protects you from negative energy.
 i - the amulet "Fieradoje" {Faith Dex+2}
   (You found it on level 7 of the Dungeon)

   [amulet of faith]

   It allows you to gain divine favour quickly.
   Dex:       It affects your dexterity (+2).
 r - a +4 ring of protection (left claw)
 s - an amulet of the acrobat
Scrolls
 d - 7 scrolls of teleportation
 n - 6 scrolls of identify
Potions
 c - a potion of cancellation
 f - a potion of mutation
 j - a potion of resistance
 l - 4 potions of haste
 m - 3 potions of might
 o - a potion of heal wounds
 q - 9 potions of curing

Dungeon Overview and Level Annotations

Branches:
Dungeon (10/15)            Temple (0/1) D:4             Orc (0/2) D:9
  Sewer (visited)         Ossuary (visited)
   Lair: D:8-11

Altars:
Elyvilon
Hepliaklqana
Okawaru
Uskayaw
Xom
Yredelemnul

Shops:
D:2 ?   D:7 *   D:8 *

Annotations:
D:4 1 runed translucent door, qw's ghost, amateur TeWr
D:7 1 runed translucent door, Crazy Yiuf


Message History

The iron imp completely resists.
The shadow imp hits you but does no damage.
The shadow imp is burned by your cloak of flames.
The shadow imp is severely wounded.
You mangle the shadow imp!!
You kill the shadow imp!
The shadow imp disappears in a puff of smoke!
The rust devil barely misses you.
The ice devil hits you but does no damage.
The obsidian statue's eyes glow briefly.
The iron imp grinds its teeth.
The iron imp hits you but does no damage.
The iron imp completely resists.
The rust devil hits you.
The rust devil completely resists.
The ice devil closely misses you.
You claw the ice devil!
The ice devil is moderately wounded.
The iron imp disappears in a puff of smoke!
The rust devil closely misses you.
The ice devil hits you but does no damage.
The ice devil is burned terribly!
The ice devil is burned by your cloak of flames.
The ice devil is heavily wounded.
You scratch the ice devil but do no damage.
Your claw misses the ice devil.
The ice devil is heavily wounded.
The obsidian statue's eyes glow briefly.
The ufetubus barely misses you. The ufetubus closely misses you.
The rust devil closely misses you.
The crimson imp blinks!
The ice devil hits you but does no damage.
You claw the ice devil!
The ice devil is severely wounded.
The ufetubus hits you but does no damage.
The ufetubus is burned by your cloak of flames.
The ufetubus is lightly wounded.
The ufetubus closely misses you.
The iron imp hits you but does no damage.
The iron imp completely resists.
The rust devil hits you.
The rust devil completely resists.
The ice devil hits you! The ice devil freezes you!!
You feel a terrible chill!
You die...

#...# #####...######
.............. ###
..............
##$##..[....)......
##...######...######
#!.8.3#####...#
#.54.$#.##...#
#@4$5..##...#
##5....##...######
##....##........#
##....##.#####.#
##...##.#####..
#.............
#......#####..
###.......##.#
#>##........


You could see an obsidian statue (mesmerising), an ice devil (summoned), a rust
devil (summoned), a smoke demon (summoned), an iron imp (summoned), a crimson
imp (summoned) and an ufetubus (summoned).

Vanquished Creatures
  A two-headed ogre (D:10)
  Joseph (D:7)
  Maggie (D:6)
  2 hornets
  A shadow (D:9)
  3 steam dragons
  Menkaure (D:6)
  2 water moccasins
  2 orc warriors
  A sky beast (D:8)
  3 black bears
  2 ice beasts (D:7)
  An ogre (D:6)
  2 centaurs
  5 phantoms
  3 kobold brigands
  4 necrophages
  2 gnoll sergeants (D:9)
  5 bullfrogs
  3 scorpions
  6 wights
  9 killer bees
  3 howler monkeys (D:8)
  A centaur zombie (Ossuary)
  8 hounds
  4 jellies
  2 human zombies (Ossuary)
  6 orc priests
  Jessica (D:3)
  5 iguanas
  20 orc wizards
  3 mummies
  Robin (D:3)
  7 adders
  13 gnolls
  2 river rats (Sewer)
  A shadow imp (D:7)
  3 white imps
  3 ufetubi
  An adder zombie (Ossuary)
  3 dart slugs
  46 orcs
  4 ball pythons
  3 endoplasms
  5 giant cockroaches
  11 goblins
  9 hobgoblins
  5 quokkas
  4 bats
  4 frilled lizards
  2 goblin zombies (Ossuary)
  11 hobgoblin zombies (Ossuary)
  A jackal zombie (Ossuary)
  9 kobolds
  4 kobold zombies (Ossuary)
  10 orc zombies (Ossuary)
  9 rats
  4 rat zombies (Ossuary)
  A spectral hobgoblin (D:9)
289 creatures vanquished.

Vanquished Creatures (others)
  3 plants (D:2)
3 creatures vanquished.

Grand Total: 292 creatures vanquished

Notes
Turn   | Place    | Note
-------+----------+-------------------------------------------
     0 | D:1      | qw the Troll Cinder Acolyte began the quest for the Orb.
     0 | D:1      | Reached XP level 1. HP: 22/22 MP: 1/1
     0 | D:1      | 0 ||| qw: Version: 0.1-a-97-g2dd2ca4
     0 | D:1      | 0 ||| qw: Game counter: 4530
     0 | D:1      | 0 ||| qw: Always use a shield: true
     0 | D:1      | 0 ||| qw: God list: Okawaru
     0 | D:1      | 0 ||| qw: Allow faded altars: false
     0 | D:1      | 0 ||| qw: Do Orc after D:15 true
     0 | D:1      | 0 ||| qw: Do second Lair branch before Depths: true
     0 | D:1      | 0 ||| qw: Lair rune preference: random
     0 | D:1      | 0 ||| qw: Plans: Normal
     0 | D:1      | 0 ||| PLANNING D:1-11
   107 | D:1      | Reached XP level 2. HP: 29/29 MP: 2/2
   803 | D:1      | 803 ||| READING 3 scrolls labelled IFA LYOFRYR.
   808 | D:1      | 808 ||| READING scroll labelled OLOCHOCIBA.
   809 | D:1      | 809 ||| READING scroll labelled ZERENU JEOMNUCUO.
   856 | D:2      | 856 ||| Stepping ~*~*~tactically~*~*~ (hiding).
   859 | D:2      | 859 ||| INVOKING Fiery Armour.
   861 | D:2      | Reached skill level 4 in Unarmed Combat
   861 | D:2      | Reached XP level 3. HP: 35/36 MP: 3/3
   865 | D:2      | 865 ||| Stepping ~*~*~tactically~*~*~ (stealth).
   980 | D:2      | Found Sybeorr's Magic Scroll Shoppe.
   988 | D:2      | 988 ||| BUYING scroll of identify (28 gold).
   988 | D:2      | Bought a scroll of identify for 28 gold pieces
   988 | D:2      | 988 ||| BUYING scroll of identify (28 gold).
   988 | D:2      | Bought a scroll of identify for 28 gold pieces
   988 | D:2      | 988 ||| BUYING scroll of identify (28 gold).
   988 | D:2      | Bought a scroll of identify for 28 gold pieces
   988 | D:2      | 988 ||| SHOPLISTING scroll of identify (28 gold, have 4).
  1052 | D:2      | 1052 ||| Stepping ~*~*~tactically~*~*~ (stealth).
  1191 | D:2      | Reached skill level 5 in Unarmed Combat
  1191 | D:2      | Reached XP level 4. HP: 44/44 MP: 4/4
  1675 | D:2      | 1675 ||| UPGRADING to scarf of resistance.
  1680 | D:2      | 1680 ||| UPGRADING to +4 ring of protection.
  1681 | D:2      | 1681 ||| READING 2 scrolls labelled VYHASA FYOHIS.
  1682 | D:2      | 1682 ||| READING scroll labelled GILUES DUFRA.
  1683 | D:2      | 1683 ||| READING 3 scrolls labelled NAGUOR TOTIAXZIOTS.
  1684 | D:2      | 1684 ||| READING scroll labelled WOKIMYUTENT.
  1684 | D:2      | Identified a scroll of acquirement
  1684 | D:2      | 1684 ||| ACQUIRING ring "Haus" {rElec rF+ rN+ Int+2}
  1684 | D:2      | Acquired the ring "Haus" {rElec rF+ rN+ Int+2}
  1686 | D:2      | 1686 ||| UPGRADING to ring "Haus" {rElec rF+ rN+ Int+2}.
  1687 | D:2      | 1687 ||| READING scroll labelled ABROUME CEGIFFACI.
  1688 | D:2      | 1688 ||| DRINKING 2 yellow potions.
  1789 | D:2      | 1789 ||| READING 5 scrolls of identify.
  1789 | D:2      | 1789 ||| IDENTIFYING murky dark potion
  1790 | D:2      | 1790 ||| READING 4 scrolls of identify.
  1790 | D:2      | 1790 ||| IDENTIFYING viscous golden potion
  1791 | D:2      | 1791 ||| READING 3 scrolls of identify.
  1791 | D:2      | 1791 ||| IDENTIFYING lumpy golden potion
  1792 | D:2      | 1792 ||| READING 2 scrolls of identify.
  1792 | D:2      | 1792 ||| IDENTIFYING cyan potion
  1793 | D:2      | 1793 ||| DROPPING potion of ambrosia.
  1794 | D:2      | 1794 ||| DROPPING potion of attraction.
  1795 | D:2      | 1795 ||| DROPPING potion of lignification.
  1796 | D:2      | 1796 ||| DROPPING potion of flight.
  1797 | D:2      | 1797 ||| DROPPING scroll of vulnerability.
  1798 | D:2      | 1798 ||| DROPPING 2 scrolls of summoning.
  2036 | D:3      | Found a white marble altar of Elyvilon.
  2037 | D:3      | Found a hide-covered altar of Uskayaw.
  2119 | D:3      | Found an iron altar of Okawaru.
  2123 | D:3      | Noticed Robin
  2124 | D:3      | 2124 ||| INVOKING Fiery Armour.
  2131 | D:3      | Killed Robin
  2232 | D:3      | Reached XP level 5. HP: 36/50 MP: 5/5
  2396 | D:3      | Noticed Jessica
  2397 | D:3      | 2397 ||| Stepping ~*~*~tactically~*~*~ (hiding).
  2398 | D:3      | 2398 ||| Stepping ~*~*~tactically~*~*~ (hiding).
  2407 | D:3      | Killed Jessica
  2408 | D:3      | Reached skill level 6 in Unarmed Combat
  2414 | D:3      | 2414 ||| UPGRADING to +1 robe of willpower.
  2424 | D:3      | 2424 ||| DROPPING +0 robe.
  2425 | D:3      | 2425 ||| DROPPING amulet of magic regeneration.
  2426 | D:3      | 2426 ||| READING 2 scrolls labelled COWNUT PECOXKA.
  2427 | D:3      | 2427 ||| DRINKING 2 smoky inky potions.
  2428 | D:3      | 2428 ||| DROPPING scroll of fear.
  2446 | D:4      | 2446 ||| PLANNING SEWER
  2448 | D:4      | 2448 ||| STAIRDANCE
  2510 | D:4      | 2510 ||| Stepping ~*~*~tactically~*~*~ (stealth).
  2511 | D:4      | 2511 ||| Stepping ~*~*~tactically~*~*~ (stealth).
  2512 | D:4      | 2512 ||| Stepping ~*~*~tactically~*~*~ (stealth).
  2513 | D:4      | 2513 ||| Stepping ~*~*~tactically~*~*~ (stealth).
  2531 | D:4      | 2531 ||| Stepping ~*~*~tactically~*~*~ (outnumbered).
  2532 | D:4      | 2532 ||| Stepping ~*~*~tactically~*~*~ (outnumbered).
  2533 | D:4      | 2533 ||| Stepping ~*~*~tactically~*~*~ (outnumbered).
  2534 | D:4      | 2534 ||| Stepping ~*~*~tactically~*~*~ (outnumbered).
  2535 | D:4      | 2535 ||| Stepping ~*~*~tactically~*~*~ (outnumbered).
  2536 | D:4      | 2536 ||| Stepping ~*~*~tactically~*~*~ (outnumbered).
  2545 | D:4      | Reached XP level 6. HP: 59/59 MP: 6/6
  2555 | D:4      | Found a staircase to the Ecumenical Temple.
  2569 | D:4      | 2569 ||| FLEEEEING.
  2570 | D:4      | 2570 ||| FLEEEEING.
  2577 | D:4      | Reached skill level 7 in Unarmed Combat
  2584 | D:4      | Found the amulet of Elemental Vulnerability {rPois rF--
                  | rC-- AC+8}
  2656 | D:4      | Found a glowing drain.
  2658 | D:4      | 2658 ||| UPGRADING to amulet of Elemental Vulnerability
                  | {rPois rF-- rC-- AC+8}.
  2663 | D:4      | 2663 ||| READING 2 scrolls of identify.
  2663 | D:4      | 2663 ||| IDENTIFYING ruby potion
  2664 | D:4      | 2664 ||| DROPPING potion of magic.
  2673 | Sewer    | Entered a sewer
  2768 | Sewer    | Found a glowing silver altar of Zin.
  2808 | D:4      | 2808 ||| PLANNING D:1-11
  2916 | D:4      | Found a runed translucent door.
  2918 | D:4      | Noticed qw's ghost (amateur TeWr)
  3156 | D:4      | 3156 ||| READING scroll labelled ODO JILOTULAK.
  3257 | D:4      | 3257 ||| DRINKING 2 dark potions.
  3258 | D:4      | 3258 ||| DRINKING 2 white potions.
  3285 | D:5      | Entered Level 5 of the Dungeon
  3286 | D:5      | 3286 ||| PLANNING OSSUARY
  3355 | D:5      | Reached skill level 8 in Unarmed Combat
  3355 | D:5      | Reached XP level 7. HP: 66/66 MP: 7/7
  3389 | D:5      | Reached skill level 3 in Fighting
  3390 | D:5      | 3390 ||| Stepping ~*~*~tactically~*~*~ (hiding).
  3394 | D:5      | 3394 ||| Stepping ~*~*~tactically~*~*~ (hiding).
  3538 | D:5      | 3538 ||| Stepping ~*~*~tactically~*~*~ (stealth).
  3541 | D:5      | 3541 ||| Stepping ~*~*~tactically~*~*~ (stealth).
  3664 | D:5      | 3664 ||| Stepping ~*~*~tactically~*~*~ (stealth).
  3774 | D:5      | Reached skill level 9 in Unarmed Combat
  3879 | D:5      | Found a sand-covered staircase.
  3893 | D:5      | 3893 ||| READING 3 scrolls labelled TADIAGYFYNI.
  3894 | D:5      | 3894 ||| DRINKING 2 glowing cyan potions.
  3895 | D:5      | 3895 ||| DROPPING 2 scrolls of poison.
  3901 | Ossuary  | Entered an ossuary
  3913 | Ossuary  | 3913 ||| Stepping ~*~*~tactically~*~*~ (outnumbered).
  3914 | Ossuary  | 3914 ||| Stepping ~*~*~tactically~*~*~ (outnumbered).
  3915 | Ossuary  | 3915 ||| Stepping ~*~*~tactically~*~*~ (outnumbered).
  3917 | Ossuary  | 3917 ||| Stepping ~*~*~tactically~*~*~ (outnumbered).
  3918 | Ossuary  | 3918 ||| Stepping ~*~*~tactically~*~*~ (outnumbered).
  3919 | Ossuary  | 3919 ||| Stepping ~*~*~tactically~*~*~ (outnumbered).
  3920 | Ossuary  | 3920 ||| Stepping ~*~*~tactically~*~*~ (outnumbered).
  3922 | Ossuary  | 3922 ||| Stepping ~*~*~tactically~*~*~ (outnumbered).
  3923 | Ossuary  | 3923 ||| Stepping ~*~*~tactically~*~*~ (outnumbered).
  3924 | Ossuary  | 3924 ||| Stepping ~*~*~tactically~*~*~ (outnumbered).
  3925 | Ossuary  | 3925 ||| Stepping ~*~*~tactically~*~*~ (outnumbered).
  3926 | Ossuary  | 3926 ||| INVOKING Fiery Armour.
  3927 | Ossuary  | 3927 ||| Stepping ~*~*~tactically~*~*~ (outnumbered).
  3928 | Ossuary  | 3928 ||| Stepping ~*~*~tactically~*~*~ (outnumbered).
  3929 | Ossuary  | 3929 ||| Stepping ~*~*~tactically~*~*~ (outnumbered).
  3930 | Ossuary  | 3930 ||| Stepping ~*~*~tactically~*~*~ (outnumbered).
  3932 | Ossuary  | 3932 ||| Stepping ~*~*~tactically~*~*~ (outnumbered).
  3968 | Ossuary  | 3968 ||| Stepping ~*~*~tactically~*~*~ (outnumbered).
  3993 | Ossuary  | Reached skill level 1 in Throwing
  4020 | Ossuary  | 4020 ||| Stepping ~*~*~tactically~*~*~ (outnumbered).
  4021 | Ossuary  | 4021 ||| Stepping ~*~*~tactically~*~*~ (outnumbered).
  4022 | Ossuary  | 4022 ||| Stepping ~*~*~tactically~*~*~ (outnumbered).
  4023 | Ossuary  | 4023 ||| Stepping ~*~*~tactically~*~*~ (outnumbered).
  4024 | Ossuary  | 4024 ||| Stepping ~*~*~tactically~*~*~ (outnumbered).
  4026 | Ossuary  | 4026 ||| Stepping ~*~*~tactically~*~*~ (outnumbered).
  4034 | Ossuary  | 4034 ||| INVOKING Fiery Armour.
  4038 | Ossuary  | Reached skill level 1 in Dodging
  4043 | Ossuary  | Reached XP level 8. HP: 75/75 MP: 8/8
  4243 | D:5      | 4243 ||| PLANNING D:1-11
  4439 | D:6      | 4439 ||| Stepping ~*~*~tactically~*~*~ (outnumbered).
  4440 | D:6      | 4440 ||| Stepping ~*~*~tactically~*~*~ (outnumbered).
  4441 | D:6      | 4441 ||| Stepping ~*~*~tactically~*~*~ (outnumbered).
  4442 | D:6      | 4442 ||| Stepping ~*~*~tactically~*~*~ (outnumbered).
  4443 | D:6      | 4443 ||| Stepping ~*~*~tactically~*~*~ (outnumbered).
  4444 | D:6      | 4444 ||| Stepping ~*~*~tactically~*~*~ (outnumbered).
  4445 | D:6      | 4445 ||| Stepping ~*~*~tactically~*~*~ (outnumbered).
  4450 | D:6      | 4450 ||| Stepping ~*~*~tactically~*~*~ (stealth).
  4452 | D:6      | 4452 ||| Stepping ~*~*~tactically~*~*~ (stealth).
  4461 | D:6      | Reached skill level 10 in Unarmed Combat
  4500 | D:6      | 4500 ||| Stepping ~*~*~tactically~*~*~ (outnumbered).
  4501 | D:6      | 4501 ||| Stepping ~*~*~tactically~*~*~ (outnumbered).
  4502 | D:6      | 4502 ||| Stepping ~*~*~tactically~*~*~ (outnumbered).
  4503 | D:6      | 4503 ||| Stepping ~*~*~tactically~*~*~ (outnumbered).
  4504 | D:6      | 4504 ||| Stepping ~*~*~tactically~*~*~ (outnumbered).
  4505 | D:6      | 4505 ||| Stepping ~*~*~tactically~*~*~ (outnumbered).
  4506 | D:6      | 4506 ||| Stepping ~*~*~tactically~*~*~ (outnumbered).
  4507 | D:6      | 4507 ||| Stepping ~*~*~tactically~*~*~ (outnumbered).
  4508 | D:6      | 4508 ||| Stepping ~*~*~tactically~*~*~ (outnumbered).
  4509 | D:6      | 4509 ||| Stepping ~*~*~tactically~*~*~ (outnumbered).
  4510 | D:6      | 4510 ||| Stepping ~*~*~tactically~*~*~ (outnumbered).
  4555 | D:6      | Identified the +9 plate armour of the Cockroach {Harm rElec
                  | rPois rF-}
  4570 | D:6      | Noticed Menkaure
  4577 | D:6      | Killed Menkaure
  4698 | D:6      | Reached skill level 11 in Unarmed Combat
  4750 | D:6      | 4750 ||| INVOKING Fiery Armour.
  4814 | D:6      | Noticed Maggie
  4829 | D:6      | Killed Maggie
  4830 | D:6      | Reached XP level 9. HP: 84/84 MP: 9/9
  5020 | D:6      | 5020 ||| DROPPING +0 steam dragon scales.
  5021 | D:6      | 5021 ||| UPGRADING to +0 acid dragon scales.
  5031 | D:6      | 5031 ||| DROPPING +1 robe of willpower.
  5032 | D:6      | 5032 ||| READING scroll labelled LUIF KEOXZA.
  5072 | D:7      | Reached skill level 1 in Armour
  5094 | D:7      | Identified the amulet "Fieradoje" {Faith Dex+2}
  5139 | D:7      | Reached skill level 12 in Unarmed Combat
  5160 | D:7      | 5160 ||| Stepping ~*~*~tactically~*~*~ (outnumbered).
  5275 | D:7      | Noticed Joseph
  5291 | D:7      | Killed Joseph
  5403 | D:7      | 5403 ||| Stepping ~*~*~tactically~*~*~ (hiding).
  5405 | D:7      | 5405 ||| Stepping ~*~*~tactically~*~*~ (hiding).
  5409 | D:7      | 5409 ||| DRINKING 5 potions of curing.
  5409 | D:7      | 5409 ||| (to cure confusion)
  5422 | D:7      | 5422 ||| Stepping ~*~*~tactically~*~*~ (stealth).
  5448 | D:7      | 5448 ||| Stepping ~*~*~tactically~*~*~ (stealth).
  5451 | D:7      | 5451 ||| Stepping ~*~*~tactically~*~*~ (stealth).
  5453 | D:7      | 5453 ||| Stepping ~*~*~tactically~*~*~ (hiding).
  5541 | D:7      | 5541 ||| Stepping ~*~*~tactically~*~*~ (hiding).
  5547 | D:7      | 5547 ||| INVOKING Fiery Armour.
  5580 | D:7      | 5580 ||| Stepping ~*~*~tactically~*~*~ (stealth).
  5582 | D:7      | 5582 ||| Stepping ~*~*~tactically~*~*~ (hiding).
  5598 | D:7      | Reached skill level 13 in Unarmed Combat
  5598 | D:7      | Reached XP level 10. HP: 96/96 MP: 10/10
  5767 | D:7      | 5767 ||| Stepping ~*~*~tactically~*~*~ (stealth).
  5818 | D:7      | Found a runed translucent door.
  5819 | D:7      | Noticed Crazy Yiuf
  5915 | D:7      | Found Mehom's Assorted Antiques.
  5924 | D:7      | 5924 ||| BUYING potion of curing (87 gold).
  5924 | D:7      | Bought a potion of curing for 87 gold pieces
  5924 | D:7      | 5924 ||| BUYING potion of might (116 gold).
  5924 | D:7      | Bought a potion of might for 116 gold pieces
  5999 | D:7      | 5999 ||| READING scroll labelled HIAMAGODOOM.
  6000 | D:7      | 6000 ||| READING 5 scrolls of identify.
  6000 | D:7      | 6000 ||| IDENTIFYING metallic cyan potion
  6053 | D:8      | 6053 ||| INVOKING Fiery Armour.
  6054 | D:8      | 6054 ||| Stepping ~*~*~tactically~*~*~ (outnumbered).
  6134 | D:8      | 6134 ||| Stepping ~*~*~tactically~*~*~ (stealth).
  6135 | D:8      | 6135 ||| Stepping ~*~*~tactically~*~*~ (stealth).
  6136 | D:8      | 6136 ||| Stepping ~*~*~tactically~*~*~ (stealth).
  6137 | D:8      | 6137 ||| Stepping ~*~*~tactically~*~*~ (hiding).
  6139 | D:8      | 6139 ||| Stepping ~*~*~tactically~*~*~ (hiding).
  6142 | D:8      | 6142 ||| Stepping ~*~*~tactically~*~*~ (outnumbered).
  6143 | D:8      | 6143 ||| Stepping ~*~*~tactically~*~*~ (outnumbered).
  6147 | D:8      | 6147 ||| Stepping ~*~*~tactically~*~*~ (outnumbered).
  6175 | D:8      | 6175 ||| Stepping ~*~*~tactically~*~*~ (stealth).
  6177 | D:8      | 6177 ||| Stepping ~*~*~tactically~*~*~ (hiding).
  6179 | D:8      | 6179 ||| Stepping ~*~*~tactically~*~*~ (hiding).
  6204 | D:8      | 6204 ||| Stepping ~*~*~tactically~*~*~ (hiding).
  6205 | D:8      | 6205 ||| Stepping ~*~*~tactically~*~*~ (hiding).
  6213 | D:8      | Found Mimpurch's Assorted Antiques.
  6241 | D:8      | 6241 ||| BUYING potion of curing (81 gold).
  6241 | D:8      | Bought a potion of curing for 81 gold pieces
  6241 | D:8      | 6241 ||| BUYING potion of curing (81 gold).
  6241 | D:8      | Bought a potion of curing for 81 gold pieces
  6241 | D:8      | 6241 ||| BUYING scroll of identify (54 gold).
  6241 | D:8      | Bought a scroll of identify for 54 gold pieces
  6241 | D:8      | 6241 ||| BUYING sedimented brown potion (24 gold).
  6241 | D:8      | Bought a sedimented brown potion for 24 gold pieces
  6256 | D:8      | 6256 ||| Stepping ~*~*~tactically~*~*~ (stealth).
  6269 | D:8      | 6269 ||| Stepping ~*~*~tactically~*~*~ (outnumbered).
  6270 | D:8      | 6270 ||| Stepping ~*~*~tactically~*~*~ (outnumbered).
  6299 | D:8      | Reached skill level 14 in Unarmed Combat
  6299 | D:8      | 6299 ||| Stepping ~*~*~tactically~*~*~ (outnumbered).
  6300 | D:8      | 6300 ||| Stepping ~*~*~tactically~*~*~ (outnumbered).
  6301 | D:8      | 6301 ||| Stepping ~*~*~tactically~*~*~ (outnumbered).
  6302 | D:8      | 6302 ||| Stepping ~*~*~tactically~*~*~ (outnumbered).
  6304 | D:8      | 6304 ||| Stepping ~*~*~tactically~*~*~ (outnumbered).
  6382 | D:8      | Found a basalt altar of Yredelemnul.
  6626 | D:8      | Found a shimmering altar of Xom.
  6635 | D:8      | 6635 ||| READING 6 scrolls of identify.
  6635 | D:8      | 6635 ||| IDENTIFYING sedimented brown potion
  6636 | D:8      | 6636 ||| READING 5 scrolls of identify.
  6636 | D:8      | 6636 ||| IDENTIFYING fuming red potion
  6637 | D:8      | 6637 ||| DROPPING potion of brilliance.
  6684 | D:8      | Reached skill level 6 in Fighting
  6708 | D:9      | 6708 ||| STAIRDANCE
  6714 | D:9      | 6714 ||| STAIRDANCE
  6722 | D:9      | 6722 ||| STAIRDANCE
  6779 | D:9      | 6779 ||| STAIRDANCE
  6871 | D:9      | 6871 ||| Stepping ~*~*~tactically~*~*~ (stealth).
  6874 | D:9      | 6874 ||| Stepping ~*~*~tactically~*~*~ (hiding).
  6877 | D:9      | 6877 ||| Stepping ~*~*~tactically~*~*~ (hiding).
  6879 | D:9      | 6879 ||| Stepping ~*~*~tactically~*~*~ (outnumbered).
  6880 | D:9      | 6880 ||| Stepping ~*~*~tactically~*~*~ (outnumbered).
  6881 | D:9      | 6881 ||| Stepping ~*~*~tactically~*~*~ (outnumbered).
  6882 | D:9      | 6882 ||| Stepping ~*~*~tactically~*~*~ (outnumbered).
  6883 | D:9      | 6883 ||| INVOKING Fiery Armour.
  6884 | D:9      | 6884 ||| Stepping ~*~*~tactically~*~*~ (outnumbered).
  6885 | D:9      | 6885 ||| Stepping ~*~*~tactically~*~*~ (outnumbered).
  6886 | D:9      | 6886 ||| Stepping ~*~*~tactically~*~*~ (outnumbered).
  6990 | D:9      | 6990 ||| DRINKING 10 potions of curing.
  6990 | D:9      | 6990 ||| (to cure confusion)
  7042 | D:9      | Found a staircase to the Orcish Mines.
  7075 | D:9      | Found a hazy altar of Hepliaklqana.
  7172 | D:9      | 7172 ||| DROPPING +6 ring of intelligence.
  7173 | D:9      | 7173 ||| READING scroll labelled VOENTE PELOLA.
  7189 | D:10     | Entered Level 10 of the Dungeon
  7190 | D:10     | 7190 ||| Stepping ~*~*~tactically~*~*~ (hiding).
  7200 | D:10     | Noticed a two-headed ogre
  7211 | D:10     | 7211 ||| INVOKING Fiery Armour.
  7213 | D:10     | Killed a two-headed ogre
  7214 | D:10     | Reached skill level 15 in Unarmed Combat
  7401 | D:10     | 7401 ||| Stepping ~*~*~tactically~*~*~ (hiding).
  7407 | D:10     | 7407 ||| Stepping ~*~*~tactically~*~*~ (outnumbered).
  7408 | D:10     | 7408 ||| Stepping ~*~*~tactically~*~*~ (outnumbered).
  7409 | D:10     | 7409 ||| Stepping ~*~*~tactically~*~*~ (outnumbered).
  7410 | D:10     | 7410 ||| Stepping ~*~*~tactically~*~*~ (outnumbered).
  7411 | D:10     | 7411 ||| Stepping ~*~*~tactically~*~*~ (outnumbered).
  7412 | D:10     | 7412 ||| Stepping ~*~*~tactically~*~*~ (outnumbered).
  7413 | D:10     | 7413 ||| Stepping ~*~*~tactically~*~*~ (outnumbered).
  7415 | D:10     | 7415 ||| Stepping ~*~*~tactically~*~*~ (outnumbered).
  7416 | D:10     | 7416 ||| Stepping ~*~*~tactically~*~*~ (outnumbered).
  7417 | D:10     | 7417 ||| Stepping ~*~*~tactically~*~*~ (outnumbered).
  7502 | D:10     | Noticed an obsidian statue
  7503 | D:10     | 7503 ||| INVOKING Fiery Armour.
  7507 | D:10     | Noticed a sun demon
  7507 | D:10     | Noticed a smoke demon
  7507 | D:10     | 7507 ||| Stepping ~*~*~tactically~*~*~ (hiding).
  7512 | D:10     | 7512 ||| Stepping ~*~*~tactically~*~*~ (hiding).
  7526 | D:10     | 7526 ||| FLEEEEING.
  7527 | D:10     | Noticed a rust devil
  7527 | D:10     | 7527 ||| FLEEEEING.
  7538 | D:10     | Noticed a sixfirhy
  7583 | D:10     | Noticed an orange demon
  7594 | D:10     | Noticed a rust devil
  7605 | D:10     | 7605 ||| Stepping ~*~*~tactically~*~*~ (outnumbered).
  7609 | D:10     | Noticed a sun demon
  7609 | D:10     | Noticed an orange demon
  7613 | D:10     | Noticed a rust devil
  7621 | D:10     | Noticed a smoke demon
  7621 | D:10     | Mangled by an ice devil

Levels and vault maps discovered:
D:1:      sevenhm_arrival_forest_fort_small_3, layout_loops_ring
D:2:      layout_loops_ring, serial_shops, nicolae_diamond_shop, serial_forest,
          infiniplex_forest_corner_2, infiniplex_forest_clump_tiny,
          infiniplex_forest_clump_C, infiniplex_forest_end_2,
          infiniplex_forest_straight_5, infiniplex_forest_clump_diagonal,
          infiniplex_forest_end_2, infiniplex_forest_clump_tiny
D:3:      layout_basic, lemuel_tele_altar, minitemple, dk_noncrumbling_2,
          uniq_robin, uniq_jessica
D:4:      layout_cave_pools, minmay_temple_entry_glass, portal_sewer_entry_f,
          ebering_ghost_reflecting_pool,
          hangedman_abyss_or_decor_jellyfish_corner, serial_bayou_pond_d
D:5:      layout_loops_cross, gup_ossuary_entry_pyramid
D:6:      layout_rooms, chequers_serial_rivers_small_3, uniq_maggie,
          uniq_menkaure
D:7:      minmay_octagon_keep, layout_basic, serial_shops,
          nicolae_lakefront_shop, uniq_crazy_yiuf_cottage, uniq_joseph
D:8:      layout_rooms, lemuel_coloured_pillars_altar, marbit_many_paths,
          serial_shops, nicolae_shop_statue_plus, st_stairs_10
D:9:      layout_big_octagon, nicolae_hepliaklqana_monster_ancestors,
          orc_0_dummy, nrook_loot_triangle
D:10:     minmay_separated_statues, layout_loops_cross, gammafunk_ghost_cemetery

Skill      XL: |  1  2  3  4  5  6  7  8  9 10 |
---------------+-------------------------------+-----
Unarmed Combat | 4 5 6 8 9 11 13 15 | 15.1
Fighting       | 3 4 5 6 |  6.0
Throwing       | 1 |  1.6
Dodging        | 1 |  1.2
Armour         | 1 2 |  2.1
Spellcasting   | |  1.0
Fire Magic     | |  2.1

Action                   |  1- 3 |  4- 6 |  7- 9 | 10-12 || total
-------------------------+-------+-------+-------+-------++-------
Melee: Unarmed           |    74 |   146 |   306 |   287 ||   813
       Punch             |       |     4 |    10 |    12 ||    26
Throw: Boomerang         |       |    55 |    78 |    38 ||   171
Invok: Fiery Armour      |     1 |     1 |     4 |     4 ||    10
  Use: Scroll            |     3 |    12 |     2 |     5 ||    22
       Potion            |       |     4 |     2 |     1 ||     7
Armor: Robe              |    21 |    66 |   123 |       ||   210
       Acid dragon scale |       |       |    48 |   200 ||   248
Dodge: Dodged            |    32 |    49 |   115 |   133 ||   329

Table legend:
 A = Non-vault XP
 B = Vault XP
 C = Vault XP percentage of total XP
 D = Non-vault monster count
 E = Vault monster count
 F = Vault count percentage of total count
                 A         B        C        D         E       F
            +---------+---------+-------+---------+---------+-------
      Total |    7804 |    2806 |  26.4 |     207 |      82 |  28.4
            +---------+---------+-------+---------+---------+-------
        D:1 |      28 |       0 |   0.0 |      17 |       0 |   0.0
        D:2 |      82 |       0 |   0.0 |      13 |       0 |   0.0
        D:3 |      68 |      66 |  49.3 |      22 |      10 |  31.2
        D:4 |     253 |      10 |   3.8 |      14 |       5 |  26.3
        D:5 |     751 |      18 |   2.3 |      22 |       1 |   4.3
        D:6 |    1081 |     567 |  34.4 |      27 |       2 |   6.9
        D:7 |    1469 |    1498 |  50.5 |      33 |      14 |  29.8
        D:8 |    1905 |     311 |  14.0 |      38 |       4 |   9.5
        D:9 |     867 |       3 |   0.3 |      14 |       2 |  12.5
       D:10 |    1300 |       0 |   0.0 |       7 |       0 |   0.0
      Sewer |       0 |     129 | 100.0 |       0 |       6 | 100.0
    Ossuary |       0 |     204 | 100.0 |       0 |      38 | 100.0
            +---------+---------+-------+---------+---------+-------
